 Dungeon Crawl Stone Soup version 0.32-a0-976-g7161d331b1 (webtiles) character file.

Game seed: 8086841097412683198

5756 GeoRichter the Basher (level 10, -7/84 HPs)
             Began as an Armataur Warper on Apr 19, 2024.
             Was an Elder of Fedhas.
             Mangled by a yak (13 damage)
             ... on level 8 of the Dungeon on Apr 20, 2024.
             The game lasted 00:18:54 (7310 turns).

GeoRichter the Basher (Armataur Warper)             Turns: 7310, Time: 00:18:55

Health: -7/84      AC: 12    Str: 21    XL:     10   Next: 49%
Magic:  15/15      EV:  8    Int: 13    God:    Fedhas [****..]
Gold:   291        SH:  0    Dex: 10    Spells: 12/12 levels left

rFire   . . .        a - +4 flail (freeze)
rCold   . . .        (no shield)
rNeg    . . .        M - +0 acid dragon scales
rPois   .            o - +1 helmet
rElec   .            (no cloak)
rCorr   +            (no gloves)
SInv    .            (no barding)
Will    .....        r - amulet of regeneration
Stlth   +            s - +4 ring of protection
HPRegen 1.14/turn    y - ring of resist corrosion
MPRegen 0.14/turn

%: roll
@: no status effects
A: large, deformed body, tough skin 3, armoured tail, rollpage 2
a: Renounce Religion, Wall of Briars, Grow Ballistomycete, Overgrow


You were on level 8 of the Dungeon.
You worshipped Fedhas.
Fedhas was greatly pleased with you.
You visited 1 branch of the dungeon, and saw 10 of its levels.

You collected 477 gold pieces.
You spent 186 gold pieces at shops.

Inventory:

Hand Weapons
 a - a +4 flail of freezing (weapon)
   (You took it off a wight on level 7 of the Dungeon)
 b - a +1 flail of venom
   (You took it off an orc on level 7 of the Dungeon)
Missiles
 d - 7 darts of dispersal (quivered) {!f}
 u - 6 atropa-tipped darts
 E - 9 poisoned darts
Armour
 m - a +0 chain mail
   (You found it on level 2 of the Dungeon)
 o - a +1 helmet (worn)
   (You took it off Robin on level 2 of the Dungeon)
 M - +0 acid dragon scales (worn)
   (You found it on level 9 of the Dungeon)
Jewellery
 i - an amulet of faith {!P}
   (You took it off a hobgoblin on level 1 of the Dungeon)
 r - an amulet of regeneration (around neck)
   (You found it on level 3 of the Dungeon)
 s - a +4 ring of protection (left hand)
   (You found it on level 2 of the Dungeon)
 y - a ring of resist corrosion (right hand)
   (You found it on level 5 of the Dungeon)
 F - a ring of wizardry
   (You found it on level 7 of the Dungeon)
Scrolls
 c - 2 scrolls of blinking
 e - a scroll of enchant weapon {unknown}
 f - a scroll of noise {!r}
 p - 2 scrolls of vulnerability {!r}
 t - 2 scrolls of amnesia {unknown}
 v - a scroll of summoning {unknown}
 w - a scroll of silence {unknown}
 x - 4 scrolls of torment {unknown}
 D - 3 scrolls of enchant armour
 H - a scroll of identify {@r1}
 I - 2 scrolls of teleportation {@r4}
 J - a scroll of fog
 K - a scroll of poison {unknown}
Potions
 g - 4 potions of might
 h - a potion of cancellation {unknown}
 j - 5 potions of haste {@q3}
 k - a potion of curing {@q1}
 l - 5 potions of mutation {!q}
 n - 2 potions of berserk rage
 z - a potion of lignification {unknown}
 A - a potion of attraction {!q}
 B - a potion of enlightenment {unknown}
 C - 2 potions of resistance
 G - a potion of ambrosia {unknown}
 L - a potion of heal wounds {@q2}


   Skills:
 + Level 6.5 Fighting
 * Level 11.6 Maces & Flails
 - Level 0.8 Throwing
 - Level 1.2 Armour
 - Level 1.3 Dodging
 - Level 1.7 Spellcasting
 - Level 3.0 Translocations
 + Level 6.7 Invocations


You had 12 spell levels left.
You didn't know any spells.
Your spell library contained the following spells:

 Spells                   Type           Power      Damage    Failure   Level
 Blink                    Tloc           16%        N/A       14%         2
 Lesser Beckoning         Tloc           16%        N/A       14%         2
 Maxwell's Portable Pile  Tloc           8%         2d(6-16)  28%         3
 Teleport Other           Tloc           8%         N/A       28%         3
 Freeze                   Ice            4%         1d3       32%         1
 Kiss of Death            Conj/Necr      4%         2d5       32%         1
 Passage of Golubria      Tloc           8%         N/A       67%         4
 Confusing Touch          Hex            1%         N/A       69%         3
 Frozen Ramparts          Ice            2%         1d1       69%         3
 Hailstorm                Conj/Ice       1%         3d5       69%         3
 Tukima's Dance           Hex            1%         N/A       69%         3
 Vhi's Electric Charge    Tloc/Air       10%        N/A       87%         4
 Dispel Undead            Necr           1%         3d6       97%         4
 Yara's Violent Unravell  Hex/Alch       0%         3d3       100%        5


Dungeon Overview and Level Annotations

Branches:
Dungeon (10/15) Zot: 26877  Temple (0/1) D:4             Orc (0/2) D:9
   Lair: D:8-11

Altars:
Fedhas
Makhleb
Nemelex Xobeh
Sif Muna
Trog
Zin

Shops:
D:3 ?   D:8 *

Annotations:
D:5 2 runed translucent doors, Mousus6's ghost, novice OpCA


Innate Abilities, Weirdness & Mutations

Armour fits poorly on your strangely shaped body.
You have extremely tough skin. (AC +3)
You have a long armoured tail.
You regenerate magic and health when rolling toward enemies. (Rampage Regen)


Message History

You hit the yak. You freeze the yak.
The yak is moderately wounded.
The yak closely misses you.
You hit the yak. You freeze the yak.
The yak is moderately wounded.
The yak gores you but does no damage. The yak gores you. x2
You are too injured to fight recklessly!
You are too injured to fight recklessly!
You sock the yak! You freeze the yak.
The yak is severely wounded.
The yak gores you. The yak gores you but does no damage.
The yak closely misses you.
You barely miss the yak.
The yak is severely wounded.
The yak gores you!
* * * LOW HITPOINT WARNING * * *
The yak gores you.
* * * LOW HITPOINT WARNING * * *
The yak barely misses you. The yak attacks as it pursues you!
The yak gores you.
* * * LOW HITPOINT WARNING * * *
There is a stone staircase leading up here.
The yak gores you.
* * * LOW HITPOINT WARNING * * *
The yak gores you but does no damage. The yak barely misses you.
You climb upwards.
There is a stone staircase leading down here.
You hit the yak. You freeze the yak.
The yak is severely wounded.
The yak gores you but does no damage. The yak gores you!
* * * LOW HITPOINT WARNING * * *
The yak gores you but does no damage.
You hit the yak. You freeze the yak.
You kill the yak!
Fedhas appreciates your contribution to the ecosystem.
The yak closely misses you. The yak gores you!
* * * LOW HITPOINT WARNING * * *
You barely miss the yak.
Your tail-slap misses the yak.
You hit the yak. You freeze the yak.
The yak is lightly wounded.
The yak gores you but does no damage. The yak gores you!
* * * LOW HITPOINT WARNING * * *
You closely miss the yak.
You tail-slap the yak, but do no damage.
The yak is lightly wounded.
The yak gores you!
* * * LOW HITPOINT WARNING * * *
The yak gores you!
You die...
Fedhas appreciates your contribution to the ecosystem.

#.....(.[##......#
#.......[#########
#........<'.......
#...##...##.......
#...##...##.......
#....#)..##......#
#....#...##......#
#.Y..#....#......#
#@...#....#.......
#.Y..#....#.......
#....#....#.......
#...####.#########
#...#########...##
#...............#.
#...............#.
#..............)#.
#..........####'##


You could see 2 yaks.

Vanquished Creatures
  A two-headed ogre (D:9)
  Joseph (D:7)
  8 yaks
  2 wyverns (D:7)
  An acid dragon (D:9)
  A water moccasin (D:9)
  3 orc warriors
  An ice beast (D:6)
  2 ogres
  2 centaurs
  A phantom (D:5)
  A kobold brigand (D:7)
  3 bullfrogs
  4 scorpions
  10 wights
  4 killer bees
  A bombardier beetle (D:4)
  3 hounds
  5 orc priests
  Natasha (thrice) (D:4)
  An iguana (D:4)
  10 orc wizards
  Robin (D:2)
  4 gnolls
  10 adders
  A shadow imp (D:7)
  2 dart slugs
  44 orcs
  6 ball pythons
  10 endoplasms
  3 giant cockroaches
  12 goblins
  12 hobgoblins
  A jackal (D:1)
  5 quokkas
  8 bats
  7 frilled lizards
  11 kobolds
  10 rats
215 creatures vanquished.

Vanquished Creatures (collateral kills)
  5 killer bees (D:7)
  8 ballistomycete spores (D:9)
13 creatures vanquished.

Vanquished Creatures (others)
  A hornet (D:7)
  A ballistomycete spore (D:9)
2 creatures vanquished.

Grand Total: 230 creatures vanquished

Notes
Turn   | Place    | Note
-------+----------+-------------------------------------------
     0 | D:1      | GeoRichter the Armataur Warper began the quest for the Orb.
     0 | D:1      | Reached XP level 1. HP: 17/17 MP: 3/3
    54 | D:1      | Reached skill level 2 in Maces & Flails
   166 | D:1      | Reached XP level 2. HP: 14/24 MP: 4/4
   317 | D:1      | Reached skill level 3 in Maces & Flails
   474 | D:1      | Found a faded altar of an unknown god.
   488 | D:1      | Prayed at the altar of an unknown god.
   488 | D:1      | Became a worshipper of Fedhas Madash
   488 | D:1      | Reached * piety under Fedhas
   569 | D:1      | Reached XP level 3. HP: 24/29 MP: 5/5
   780 | D:2      | Noticed Robin
   962 | D:2      | Reached ** piety under Fedhas
  1109 | D:2      | Reached XP level 4. HP: 25/36 MP: 6/6
  1111 | D:2      | Reached skill level 4 in Maces & Flails
  1135 | D:2      | Killed Robin
  1887 | D:3      | Found a sparkling altar of Nemelex Xobeh.
  1956 | D:3      | Reached XP level 5. HP: 32/41 MP: 7/7
  1967 | D:3      | Reached *** piety under Fedhas
  2044 | D:3      | Found Soexen's Magic Scroll Emporium.
  2055 | D:3      | Bought a scroll of identify for 24 gold pieces
  2193 | D:3      | Reached skill level 5 in Maces & Flails
  2366 | D:3      | Found a bloodstained altar of Trog.
  2447 | D:4      | Found a staircase to the Ecumenical Temple.
  2677 | D:4      | Reached XP level 6. HP: 48/48 MP: 8/8
  2799 | D:4      | Reached skill level 6 in Maces & Flails
  3103 | D:4      | Reached skill level 7 in Maces & Flails
  3105 | D:4      | Gained mutation: You regenerate magic and health when
                  | rolling toward enemies. (Rampage Regen) [Armataur growth]
  3105 | D:4      | Reached XP level 7. HP: 37/53 MP: 9/9
  3224 | D:4      | Noticed Natasha
  3234 | D:4      | Killed Natasha
  3321 | D:4      | Noticed Natasha
  3334 | D:4      | Killed Natasha
  3386 | D:4      | Noticed Natasha
  3400 | D:4      | Killed Natasha
  3436 | D:5      | Entered Level 5 of the Dungeon
  3550 | D:5      | Found a large runed translucent door.
  3550 | D:5      | Found a large runed translucent door.
  3552 | D:5      | Noticed Mousus6's ghost (novice OpCA)
  3558 | D:5      | Upgraded the game from 0.32-a0-975-g85d4e5bfdb to
                  | 0.32-a0-976-g7161d331b1
  3800 | D:5      | Found a burning altar of Makhleb.
  3905 | D:5      | Reached skill level 1 in Invocations
  4244 | D:6      | Reached skill level 8 in Maces & Flails
  4317 | D:6      | Reached XP level 8. HP: 43/62 MP: 10/10
  5043 | D:7      | Found a blossoming altar of Fedhas.
  5232 | D:7      | Reached skill level 9 in Maces & Flails
  5329 | D:7      | Reached XP level 9. HP: 69/71 MP: 12/12
  5451 | D:7      | Found a shimmering blue altar of Sif Muna.
  5730 | D:7      | Paralysed by a hornet for 3 turns
  5968 | D:8      | Noticed Joseph
  6056 | D:8      | Found a glowing silver altar of Zin.
  6155 | D:7      | Killed Joseph
  6156 | D:7      | Reached skill level 5 in Fighting
  6156 | D:7      | Reached skill level 10 in Maces & Flails
  6156 | D:7      | Reached skill level 5 in Invocations
  6400 | D:8      | Found Nudghe's General Store.
  6555 | D:8      | Bought a potion of heal wounds for 65 gold pieces
  6555 | D:8      | Bought a scroll of enchant armour for 97 gold pieces
  6647 | D:9      | Reached **** piety under Fedhas
  6652 | D:9      | Reached XP level 10. HP: 40/83 MP: 14/14
  6789 | D:9      | Found a staircase to the Orcish Mines.
  6789 | D:9      | Noticed a two-headed ogre
  6833 | D:9      | Reached skill level 11 in Maces & Flails
  6849 | D:9      | Killed a two-headed ogre
  7116 | D:9      | Paralysed by a hornet for 1 turns
  7119 | D:9      | Paralysed by a hornet for 2 turns
  7162 | D:9      | Noticed a boulder beetle
  7185 | D:10     | Entered Level 10 of the Dungeon
  7310 | D:8      | Mangled by a yak

Illustrated notes

Levels and vault maps discovered:
D:1:      denvon_arrival_planthouse, layout_rooms,
          hellmonk_ecumenical_altar_pennies_from_heaven, minmay_cut_off
D:2:      layout_basic, serial_rivers, chequers_serial_rivers_room_a,
          chequers_serial_rivers_small_b, chequers_serial_rivers_small_b,
          chequers_serial_rivers_micro_e, chequers_serial_rivers_room_b,
          uniq_robin
D:3:      layout_basic, nemelex_spade_bored_becter, lightli_temple_of_fire,
          serial_shops, shop, minmay_liquid_box, kennysheep_generic_room_10
D:4:      layout_loops_corners, minmay_temple_entry_overgrown, uniq_natasha
D:5:      layout_gridville, lemuel_coloured_pillars_altar,
          ebering_ghost_disaster_area
D:6:      layout_basic
D:7:      layout_loops_ring, lemuel_blue_sif_altar, mainiacjoe_overflow_alcove_4
D:8:      layout_gridville, zin_academy, serial_shops,
          nicolae_inconvenience_store, uniq_joseph
D:9:      layout_long_grid, yredelemnul_forgotten_temple_becter,
          nicolae_uskayaw_dance_hall, david_orc_3
D:10:     layout_small_grid, nicolae_ru_path_of_blood

Skill      XL: |  1  2  3  4  5  6  7  8  9 10 |
---------------+-------------------------------+-----
Maces & Flails | 2 3 4 5 7 8 9 10 11 | 11.6
Fighting       | 2 4 5 6 |  6.5
Invocations    | 2 4 5 6 |  6.7
Throwing       | |  0.8
Armour         | |  1.2
Dodging        | |  1.3
Spellcasting   | |  1.7
Translocations | |  3.0

Action                     |  1- 3 |  4- 6 |  7- 9 | 10-12 || total
---------------------------+-------+-------+-------+-------++-------
  Melee: Mace              |   149 |    49 |       |       ||   198
         Tailslap          |     8 |    32 |    56 |    14 ||   110
         Whip              |       |   184 |   247 |       ||   431
         Flail             |       |       |   226 |    84 ||   310
 Invoke: Wall of Briars    |       |       |     6 |       ||     6
         Grow Ballistomyce |       |       |       |     1 ||     1
    Use: Scroll            |       |     8 |     5 |     1 ||    14
         Potion            |       |       |       |     3 ||     3
 Armour: Leather armour    |   145 |       |       |       ||   145
         Chain mail        |    12 |    43 |       |       ||    55
         Scale mail        |       |   119 |   465 |    76 ||   660
         Acid dragon scale |       |       |       |    48 ||    48
  Dodge: Dodged            |   100 |    73 |   151 |    44 ||   368

Table legend: (Time is in decaauts)
 A = Elapsed time spent in this place.
 B = Non-inter-level travel time spent in this place.
 C = Inter-level travel time spent in this place.
 D = Time resting spent in this place.
 E = Time spent auto-exploring this place.
 F = Levels seen in this place.
 G = Mean time per level.
                   A        B        C        D        E       F      G
               +--------+--------+--------+--------+--------+-----+--------+
         Total |   7280 |   6877 |    403 |    726 |   4085 |  10 |  728.0 |
       Dungeon |   7280 |   6877 |    403 |    726 |   4085 |  10 |  728.0 |
               +--------+--------+--------+--------+--------+-----+--------+

Top non-repeatable levels by time:
     D:7: 1232 daAuts
     D:4: 1050 daAuts
     D:1: 968 daAuts
     D:2: 926 daAuts
     D:5: 700 daAuts
     D:8: 662 daAuts
     D:6: 604 daAuts
     D:3: 585 daAuts
     D:9: 467 daAuts
    D:10: 81 daAuts
